 Dungeon Crawl Stone Soup version 0.28-a0-1493-g08698888e4 (webtiles) character file.

Game seed: 7957139521554264888

156 croobank the Insei (level 5, 0/42 HPs)
             Began as a Draconian Transmuter on Jan 12, 2022.
             Succumbed to a scorpion's poison
             ... on level 3 of the Dungeon.
             The game lasted 00:07:42 (1772 turns).

croobank the Insei (Draconian Transmuter)           Turns: 1772, Time: 00:07:43

Health: 0/42       AC:  5    Str: 12    XL:     5   Next: 15%
Magic:  18/18      EV: 12    Int: 13    God:
Gold:   43         SH:  0    Dex: 14    Spells: 6/9 levels left

rFire   . . .      SeeInvis .     - Unarmed
rCold   . . .      Faith    .   (no shield)
rNeg    . . .      Spirit   .   (armour unavailable)
rPois   .          Reflect  .   (helmet restricted)
rElec   .          Harm     .   (no cloak)
rCorr   .          Rampage  .   (no gloves)
Will    .....                   (no boots)
Stlth   +.........              (no amulet)
HPRegen 0.14/turn               d - ring of magical power
MPRegen 0.16/turn               (no ring)

@: lethally poisoned (0 -> -4), weak-willed, wereblooded (expiring), hasted,
very quick
A: AC +5, unfitting armour, cold-blooded
a: no special abilities


You were on level 3 of the Dungeon.
You visited 1 branch of the dungeon, and saw 3 of its levels.

You collected 43 gold pieces.

Inventory:

Missiles
 a - 24 sling bullets
 b - 70 stones
 l - 14 bolts
Armour
 e - a +0 cloak
Jewellery
 d - a ring of magical power (left hand)
Scrolls
 c - a scroll of vulnerability
 g - a scroll of identify {unknown}
 j - a scroll of immolation {unknown}
 k - a scroll of enchant weapon {unknown}
 m - a scroll of magic mapping {unknown}


   Skills:
 + Level 2.6 Fighting
 + Level 2.6 Dodging
 + Level 3.7 Unarmed Combat
 + Level 2.8 Spellcasting
 + Level 3.0 Transmutations


You had 6 spell levels left.
You knew the following spells:

 Your Spells              Type           Power      Damage    Failure   Level
a - Beastly Appendage     Tmut           18%        N/A       7%          1
b - Wereblood             Tmut           9%         N/A       11%         2

Your spell library contained the following spells:

 Spells                   Type           Power      Damage    Failure   Level
 Sublimation of Blood     Necr           1%         N/A       34%         2
 Spider Form              Tmut/Pois      5%         N/A       36%         3
 Ice Form                 Ice/Tmut       5%         N/A       77%         4
 Petrify                  Tmut/Erth      5%         N/A       77%         4
 Irradiate                Conj/Tmut      2%         3d14      98%         5


Dungeon Overview and Level Annotations

Branches:
Dungeon (3/15)

Altars:


Innate Abilities, Weirdness & Mutations

Your plain brown scales are hard. (AC +5)
You cannot fit into any form of body armour.
You are cold-blooded and may be slowed by cold attacks.


Message History

You feel sick. The scorpion stings you!
You feel sick. The scorpion closely misses you.
You bump into the rock wall.
You feel sick.
You're too confused to cast spells.
You closely miss the scorpion.
Your tail-slap misses the scorpion.
The scorpion is lightly wounded.
You feel sick. The scorpion stings you.
You hit the scorpion.
The scorpion is moderately wounded.
Your primal bloodlust is almost over.
The scorpion stings you.
You barely miss the scorpion.
Your tail-slap misses the scorpion.
The scorpion is moderately wounded.
You feel sick.
You miss the scorpion.
The scorpion is moderately wounded.
You feel less invigorated.
You feel less confused. The scorpion stings you!
* * * LOW HITPOINT WARNING * * *
You are more poisoned.
The scorpion poisons you!
You closely miss the scorpion.
The scorpion is moderately wounded.
You feel sick. The scorpion stings you.
* * * LOW HITPOINT WARNING * * *
* * * LOW HITPOINT WARNING * * *
You feel sick.
The scorpion stings you but does no damage.
* * * LOW HITPOINT WARNING * * *
You feel sick.
There is an open door here.
* * * LOW HITPOINT WARNING * * *
You feel sick.
* * * LOW HITPOINT WARNING * * *
You feel sick.
You aren't carrying any potions.
As you read the scroll labelled HANIZXU NUNALA, it crumbles to dust.
Magic quickly surges around you.
It was a scroll of vulnerability.
You die...

#.# #.##.#.# .# #
#.########.##.#.###.#.#
#.#....................
#.#....................
#.#............)......$
#.#............s.......
##.#...............#$#.#
)..#.......###s##### #
..##.......# #..@..#
..##†......# #####.#
............. ..
..##........#. ...
..########### . ... ###
## #


You could see a scorpion (weak-willed).

Vanquished Creatures
  An ogre (D:3)
  3 adders
  2 dart slugs
  2 ball pythons (D:1)
  4 bats (D:1)
  5 endoplasms (D:1)
  2 giant cockroaches
  2 goblins (D:1)
  2 hobgoblins
  2 jackals (D:2)
  A quokka (D:2)
  2 frilled lizards (D:1)
  4 kobolds
  4 rats (D:1)
36 creatures vanquished.

Notes
Turn   | Place    | Note
-------+----------+-------------------------------------------
     0 | D:1      | croobank the Draconian Transmuter began the quest for the
                  | Orb.
     0 | D:1      | Reached XP level 1. HP: 16/16 MP: 3/3
   390 | D:1      | Reached XP level 2. HP: 23/23 MP: 5/5
   459 | D:1      | Found a faded altar of an unknown god.
   463 | D:1      | Learned a level 2 spell: Wereblood
  1127 | D:2      | Reached XP level 3. HP: 29/29 MP: 6/6
  1544 | D:3      | Reached XP level 4. HP: 19/36 MP: 7/7
  1741 | D:3      | Noticed an ogre
  1746 | D:3      | Noticed a scorpion
  1750 | D:3      | Killed an ogre
  1751 | D:3      | Reached XP level 5. HP: 19/42 MP: 9/9
  1770 | D:3      | HP: 2/42 [poisoned by a scorpion]
  1772 | D:3      | Succumbed to a scorpion's poison

Illustrated notes

Levels and vault maps discovered:
D:1:      tarquinn_simple_flora_water_a, layout_loops_ring,
          hellmonk_ecumenical_altar_pennies_from_heaven
D:2:      layout_basic
D:3:      layout_basic, old_standard_altar, ebering_ghost_disaster_area,
          serial_shops, nicolae_shop_crystal, nicolae_shop_unique_rings,
          hangedman_glass_teeth, uniq_ijyb

Skill      XL: |  1  2  3  4 |
---------------+-------------+-----
Dodging        | 2 |  2.6
Fighting       | 2 |  2.6
Transmutations | 3 |  3.0
Unarmed Combat | |  3.7
Spellcasting   | |  2.8

Action                   |  1- 3 |  4- 6 || total
-------------------------+-------+-------++-------
Melee: Unarmed           |    89 |    16 ||   105
       Punch             |     4 |       ||     4
       Kick              |    15 |     4 ||    19
       Headbutt          |     9 |     1 ||    10
       Tailslap          |     5 |       ||     5
 Cast: Beastly Appendage |    26 |     3 ||    29
       Wereblood         |     1 |     2 ||     3
  Use: Potion            |       |     3 ||     3
       Scroll            |       |     1 ||     1
 Stab: Sleeping          |     1 |       ||     1
Armor: Skin              |    23 |     4 ||    27
Dodge: Dodged            |    58 |     8 ||    66

Table legend: (Time is in decaauts)
 A = Elapsed time spent in this place.
 B = Non-inter-level travel time spent in this place.
 C = Inter-level travel time spent in this place.
 D = Time resting spent in this place.
 E = Time spent auto-exploring this place.
 F = Levels seen in this place.
 G = Mean time per level.
                   A        B        C        D        E       F      G
               +--------+--------+--------+--------+--------+-----+--------+
         Total |   1762 |   1733 |     29 |    144 |   1193 |   3 |  587.3 |
       Dungeon |   1762 |   1733 |     29 |    144 |   1193 |   3 |  587.3 |
               +--------+--------+--------+--------+--------+-----+--------+

Top non-repeatable levels by time:
     D:1: 1120 daAuts
     D:2: 396 daAuts
     D:3: 244 daAuts
